 Dungeon Crawl Stone Soup version 0.30.0-5-g1a98f26d00 (webtiles) character file.

Game seed: 381677944067135423

30 Juicyj the Covered (level 3, 33/33 HPs)
             Began as a Minotaur Fighter on May 12, 2023.
             Quit the game on level 1 of the Dungeon.
             The game lasted 00:00:44 (718 turns).

Juicyj the Covered (Minotaur Fighter)                Turns: 718, Time: 00:00:45

Health: 33/33      AC:  7    Str: 22    XL:     3   Next: 5%
Magic:  2/2        EV:  9    Int:  5    God:
Gold:   24         SH:  4    Dex:  9    Spells: 2/2 levels left

rFire   . . .        a - +0 war axe
rCold   . . .        c - +0 buckler
rNeg    . . .        b - +0 scale mail
rPois   .            (helmet restricted)
rElec   .            (no cloak)
rCorr   .            (no gloves)
SInv    .            (no boots)
Will    .....        (no amulet) Stlth
                     (no ring)
HPRegen 0.25/turn    (no ring)
MPRegen 0.08/turn

%: no passive effects
@: very slow
A: horns 2, retaliatory headbutt
a: no special abilities


You were on level 1 of the Dungeon.
You visited 1 branch of the dungeon, and saw 1 of its levels.

You collected 24 gold pieces.

Inventory:

Hand Weapons
 a - a +0 war axe (weapon)
Armour
 b - a +0 scale mail (worn)
 c - a +0 buckler (worn)
Jewellery
 f - a ring of resist corrosion
Scrolls
 g - a scroll of amnesia {unknown}
Potions
 d - a potion of might
 e - 2 potions of cancellation {unknown}
 h - 2 potions of lignification {unknown}


   Skills:
 + Level 4.0 Fighting
 + Level 2.5 Axes
 + Level 4.4 Armour
 + Level 4.0 Shields


You had 2 spell levels left.
You didn't know any spells.
Your spell library contained the following spells:

 Spells                   Type           Power      Damage    Failure   Level
 Ignite Poison            Fire/Tmut/Pois 0%         N/A       99%         3
 Sticky Flame             Conj/Fire      0%         2d3       100%        4
 Ignition                 Fire           0%         3d3       100%        8


Dungeon Overview and Level Annotations

Branches:
Dungeon (1/15)

Altars:


Innate Abilities, Weirdness & Mutations

You have a pair of horns on your head.
You reflexively headbutt those who attack you in melee.


Message History

You open the door.
Found a ring of resist corrosion.
There is an open door here.
You see here a ring of resist corrosion.
You pick up an Everburning Encyclopedia and begin reading...
You add the spells Ignite Poison, Sticky Flame and Ignition to your library.
You see here a ring of resist corrosion.
There is an open door here.
There is a stone staircase leading down here.
There is an open door here.
Things that are here:
a +0 dagger; a kobold skeleton You enter the shallow water.
Moving in this stuff is going to be slow.
A rat comes into view.
A rat is nearby!
A rat is nearby!
The rat barely misses you.
You slash the rat!
You kill the rat!
No target in view!
No target in view!
No target in view!
No target in view!
No target in view!
No target in view!
No target in view!
You enter the shallow water.
Moving in this stuff is going to be slow.
Done exploring.
Done exploring.
Done exploring.
No target in view!
No target in view!
No target in view!
No target in view!
No target in view!
No target in view!
No target in view!
Are you sure you want to abandon this character and quit the game? (Confirm with "yes".)

#...........#.#...........#.#....
#############.#############.#####
.................................
.##.####...#.....#####.)......#.#
.##.#..#.#.#.....# #........'..
.##....#.#.#.....## #...÷....###
.#######..♣~♣♣~~♣P♣ #######......
......~♣~~~♣~♣♣~♣~♣♣♣~♣####.####.
####♣~♣♣P~~♣~~~~@~~~♣~♣♣~#.....#.
###♣P♣~~~PP~≈≈≈≈≈~~~~~~P♣~.###.#.
#~♣~~~~P~~≈≈≈≈≈≈~≈~~P~P~~~## #.#.
♣~~~♣~P~~≈≈≈≈≈≈≈≈≈~~~~P~~PP# ####
~~~~~~~~~≈≈≈≈≈≈≈≈≈≈~~~P~~~P♣
♣~♣P~P~≈~≈≈≈≈≈≈≈≈≈≈P~~~~~~♣♣#
~~~~~~~~~≈≈≈≈≈≈≈≈≈≈≈~~~)~~♣~#
♣~~P~P~~≈≈≈≈≈≈≈≈≈≈≈~P~~~♣~~##
#♣~~P~♣~~≈~≈≈≈≈≈≈~~~♣~~~♣♣##


There were no monsters in sight!

Vanquished Creatures
  A gnoll (D:1)
  3 bats (D:1)
  4 endoplasms (D:1)
  A goblin (D:1)
  A hobgoblin (D:1)
  2 quokkas (D:1)
  A ball python (D:1)
  2 frilled lizards (D:1)
  2 kobolds (D:1)
  3 rats (D:1)
20 creatures vanquished.

Notes
Turn   | Place    | Note
-------+----------+-------------------------------------------
     0 | D:1      | Juicyj the Minotaur Fighter began the quest for the Orb.
     0 | D:1      | Reached XP level 1. HP: 19/19 MP: 0/0
   145 | D:1      | Reached XP level 2. HP: 25/27 MP: 1/1
   470 | D:1      | Reached XP level 3. HP: 33/33 MP: 2/2
   718 | D:1      | Quit the game

Illustrated notes

Levels and vault maps discovered:
D:1:      dpeg_arrival_pits, layout_basic, roderic_lattice_a,
          serial_bayou_lake_a

Skill      XL: |  1  2  3 |
---------------+----------+-----
Armour         | 4 |  4.4
Fighting       | 4 |  4.0
Shields        | 4 |  4.0
Axes           | |  2.5

Action                     || total
---------------------------++-------
  Melee: War axe           ||    36
         Headbutt          ||     3
 Armour: Scale mail        ||    12
  Dodge: Dodged            ||    19
  Block: Buckler           ||     3
